[Event "ICC tourney 2533 (25 5)"]
[Site "Internet Chess Club"]
[Date "2021.04.25"]
[Round "5"]
[White "EDWARD COOKE, OLIVER:K09-15797018"]
[Black "KOLLI, SAI:K09-16397773"]
[Result "1-0"]
[ICCResult "Black resigns"]
[WhiteElo "964"]
[BlackElo "1507"]
[Opening "Two knights defense"]
[ECO "C55"]
[NIC "KP.02"]
[Time "11:03:06"]
[PlyCount "29"]
[TimeControl "1500+5"]

1. e4 e5 2. Nf3 Nc6 3. d4 exd4 4. Bc4 Nf6 5. O-O d5 6. exd5 Na5 7. Bb5+ Bd7
8. Re1+ Be7 9. Bxd7+ Qxd7 10. c3 dxc3 11. Nxc3 Rd8 12. b4 Nc4 13. Qe2 Nd6
14. Ne5 Qf5 15. Ng6 { Black resigns } 1-0

[Event "ICC tourney 2533 (25 5)"]
[Site "Internet Chess Club"]
[Date "2021.04.25"]
[Round "5"]
[White "JAMES, MATTHEW:K09-16417961"]
[Black "PANDE, NAYONIKA:K09-16097936"]
[Result "0-1"]
[ICCResult "White checkmated"]
[WhiteElo "1820"]
[BlackElo "1404"]
[Opening "English opening"]
[ECO "A22"]
[NIC "EO.10"]
[Time "11:03:26"]
[PlyCount "50"]
[TimeControl "1500+5"]

1. c4 e5 2. Nc3 Nf6 3. e4 Bc5 4. Nge2 Ng4 5. d4 exd4 6. Na4 Bb4+ 7. Bd2 Qf6
8. f4 Ne3 9. Qb3 Bxd2+ 10. Kxd2 Nc6 11. g3 O-O 12. Bh3 Na5 13. Qb5 Naxc4+
14. Kd3 d5 15. Bxc8 dxe4+ 16. Kxe4 Raxc8 17. Kf3 Nd2+ 18. Kf2 Qe6 19. Nxd4
Ng4+ 20. Kg2 Qe4+ 21. Kh3 Nf2+ 22. Kh4 Qxd4 23. Rhe1 Nf3+ 24. Kh5 g6+ 25.
Kh6 Qg7# { White checkmated } 0-1

[Event "ICC tourney 2533 (25 5)"]
[Site "Internet Chess Club"]
[Date "2021.04.25"]
[Round "5"]
[White "DAS, SHREYAS:K09-15671703"]
[Black "KAUR, ARADH:K09-15085398"]
[Result "0-1"]
[ICCResult "White resigns"]
[WhiteElo "1010"]
[BlackElo "1706"]
[Opening "Scotch gambit: Benima defense"]
[ECO "C50"]
[NIC "IG.03"]
[Time "11:00:51"]
[PlyCount "74"]
[TimeControl "1500+5"]

1. e4 e5 2. Nf3 Nc6 3. Bc4 Be7 4. d4 exd4 5. Nxd4 Nf6 6. Nc3 d6 7. Nxc6
bxc6 8. O-O O-O 9. Bf4 Nxe4 10. Nxe4 d5 11. Bxd5 cxd5 12. Ng3 Be6 13. Re1
c6 14. Qd3 Qb6 15. Be5 Bc5 16. Qf3 Bd4 17. Bxd4 Qxd4 18. c3 Qb6 19. b4 a5
20. a3 axb4 21. axb4 Qb7 22. Qd1 Rxa1 23. Qxa1 Ra8 24. Qb2 Qa6 25. Ne2 Qa3
26. Qd2 Qa2 27. Qd1 Qb2 28. f3 Ra2 29. Qd3 g6 30. Qe3 Qd2 31. Nf4 Qb2 32.
Qe2 Qxc3 33. Qe5 Qd2 34. Re2 Qc1+ 35. Kf2 Rxe2+ 36. Qxe2 Qxf4 37. h3 Qxb4 {
White resigns } 0-1

[Event "ICC tourney 2533 (25 5)"]
[Site "Internet Chess Club"]
[Date "2021.04.25"]
[Round "5"]
[White "JIAN GARCIA, JAMES:K09-15774152"]
[Black "LAMPING, ANDREW:K09-16230258"]
[Result "0-1"]
[ICCResult "White resigns"]
[WhiteElo "842"]
[BlackElo "1327"]
[Opening "QGD: 4.Bg5 Be7"]
[ECO "D53"]
[NIC "QO.13"]
[Time "11:00:54"]
[PlyCount "120"]
[TimeControl "1500+5"]

1. d4 d5 2. c4 e6 3. Nc3 Nf6 4. Bg5 Be7 5. Bxf6 Bxf6 6. Nf3 O-O 7. cxd5
exd5 8. e4 dxe4 9. Nxe4 Re8 10. Qd3 Bf5 11. Qb5 Bxe4 12. Be2 Bc6 13. Qb3
Bd5 14. Qb5 b6 15. O-O Bc6 16. Qb3 Rxe2 17. Rad1 Bxf3 18. Qxf3 Re7 19. Qxa8
c6 20. d5 Rd7 21. dxc6 Rxd1 22. g3 Rxf1+ 23. Kxf1 Be5 24. f4 Qd1+ 25. Kg2
Qc2+ 26. Kh3 Qxc6 27. Qxa7 Qd7+ 28. Qxd7 Nxd7 29. fxe5 Nxe5 30. Kg2 Nd3 31.
b4 Nxb4 32. a3 Nc2 33. a4 Kf8 34. Kf3 Ke7 35. Ke4 Kd6 36. Kd3 Nb4+ 37. Kc4
Nd5 38. Kb5 f5 39. h4 g6 40. Kc4 h6 41. Kd4 g5 42. h5 f4 43. gxf4 gxf4 44.
Ke4 Kc5 45. Kf3 Kb4 46. Ke4 Nf6+ 47. Kxf4 Nxh5+ 48. Kg4 Nf6+ 49. Kf5 h5 50.
Kg5 Kxa4 51. Kxf6 h4 52. Ke6 h3 53. Kd5 h2 54. Kc6 h1=Q+ 55. Kxb6 Qc1 56.
Ka6 Qc6+ 57. Ka7 Qb5 58. Ka8 Qd7 59. Kb8 Ka5 60. Ka8 Ka6 { White resigns }
0-1

[Event "ICC tourney 2533 (25 5)"]
[Site "Internet Chess Club"]
[Date "2021.04.25"]
[Round "5"]
[White "CUI, SUNNY:K09-15586563"]
[Black "HUANG, VINSON:K09-16952520"]
[Result "1-0"]
[ICCResult "Black resigns"]
[WhiteElo "1226"]
[BlackElo "614"]
[Opening "Benoni defense"]
[ECO "A56"]
[NIC "OI.06"]
[Time "11:02:46"]
[PlyCount "61"]
[TimeControl "1500+5"]

1. d4 Nf6 2. c4 c5 3. e3 e6 4. Nf3 Nc6 5. Nc3 cxd4 6. exd4 Bb4 7. Bd2 O-O
8. Be2 d5 9. cxd5 exd5 10. O-O Bg4 11. Bg5 Bxc3 12. bxc3 h6 13. Bh4 Qd6 14.
Bg3 Qa3 15. Qb3 Qxb3 16. axb3 Rfe8 17. Rfe1 Ne4 18. c4 dxc4 19. bxc4 Nd2
20. d5 Nd4 21. Nxd4 Bxe2 22. Nxe2 Nxc4 23. Nc3 Rec8 24. Nb5 a6 25. Na3 Nb2
26. Reb1 Nc4 27. Nxc4 Rxc4 28. Rxb7 Rf8 29. h3 Rd8 30. d6 Rc6 31. Ra7 {
Black resigns } 1-0

[Event "ICC tourney 2533 (25 5)"]
[Site "Internet Chess Club"]
[Date "2021.04.25"]
[Round "5"]
[White "T ZHANG, ANTHONY:K09-16058232"]
[Black "LESTER, JALEEL:K09-17178433"]
[Result "0-1"]
[ICCResult "White checkmated"]
[WhiteElo "1314"]
[BlackElo "519"]
[Opening "Queen's bishop game"]
[ECO "D00"]
[NIC "QP.08"]
[Time "11:03:20"]
[PlyCount "136"]
[TimeControl "1500+5"]

1. d4 d5 2. Bf4 Nf6 3. Nf3 Nc6 4. e3 Bg4 5. Nbd2 Ne4 6. Bd3 Nxd2 7. Qxd2
Bxf3 8. gxf3 e6 9. e4 Bd6 10. Bxd6 Qxd6 11. Bb5 a6 12. Be2 dxe4 13. fxe4
Qxd4 14. Qxd4 Nxd4 15. Bd3 O-O 16. O-O-O a5 17. h4 a4 18. a3 b5 19. Kb1 c5
20. c3 c4 21. cxd4 cxd3 22. Rxd3 Rad8 23. d5 exd5 24. Rhd1 Rfe8 25. Rxd5
Rxd5 26. exd5 Rd8 27. Rc1 Rb8 28. d6 Kf8 29. Rc7 Ke8 30. Kc2 Rd8 31. Rc6
Kd7 32. Rc7+ Kxd6 33. Rxf7 Rg8 34. Kc3 h6 35. Kb4 Kc6 36. h5 g6 37. Rf6+
Kd5 38. Rxg6 Rxg6 39. hxg6 Ke6 40. f4 h5 41. f5+ Kf6 42. Kc5 h4 43. Kd6 h3
44. g7 Kxg7 45. Ke7 h2 46. f6+ Kh7 47. f7 h1=Q 48. f8=Q Qe4+ 49. Kd7 Qd4+
50. Qd6 Qxb2 51. Qe7+ Qg7 52. Qxg7+ Kxg7 53. Kc6 b4 54. axb4 a3 55. b5 a2
56. b6 a1=Q 57. b7 Qc1+ 58. Kb6 Qb1+ 59. Ka7 Qg1+ 60. Ka6 Qb1 61. Ka7 Qa1+
62. Kb6 Qe5 63. Ka7 Qc5+ 64. Ka6 Qc7 65. Ka7 Kf6 66. Ka8 Qa5+ 67. Kb8 Ke7
68. Kc8 Qd8# { White checkmated } 0-1

[Event "ICC tourney 2533 (25 5)"]
[Site "Internet Chess Club"]
[Date "2021.04.25"]
[Round "5"]
[White "VIJAY HIMAGHNA SISTA, SAI:K09-17280467"]
[Black "NOAH MANDL CIOLEK, SIMON:K09-14759264"]
[Result "1-0"]
[ICCResult "Black checkmated"]
[WhiteElo "435"]
[BlackElo "1149"]
[Opening "Sicilian defense"]
[ECO "B30"]
[NIC "SI.31"]
[Time "11:03:17"]
[PlyCount "61"]
[TimeControl "1500+5"]

1. e4 c5 2. Nf3 Nc6 3. Bc4 e6 4. Nc3 Nf6 5. d3 d5 6. exd5 exd5 7. Bb3 Be7
8. O-O O-O 9. h3 a6 10. a4 d4 11. Ne4 Bf5 12. Ng3 Bg6 13. Bg5 h6 14. Nh4
Bh7 15. Bxf6 Bxf6 16. Nhf5 Bg5 17. f4 Bf6 18. Qg4 Ne7 19. Nxh6+ Kh8 20.
Nxf7+ Rxf7 21. Bxf7 Qb6 22. f5 Qxb2 23. Ne4 Qxc2 24. Nxf6 gxf6 25. Qh4 Kg7
26. Rf3 Nxf5 27. Qh5 Rf8 28. Be6 Ne3 29. Rg3+ Kh8 30. Qh6 Rg8 31. Rxg8# {
Black checkmated } 1-0

[Event "ICC tourney 2533 (25 5)"]
[Site "Internet Chess Club"]
[Date "2021.04.25"]
[Round "5"]
[White "JAIN, LAKSH:K09-16802026"]
[Black "FENTON, SETH:K09-15344035"]
[Result "0-1"]
[ICCResult "White resigns"]
[WhiteElo "1097"]
[BlackElo "1690"]
[Opening "Sicilian"]
[ECO "B50"]
[NIC "SI.01"]
[Time "11:01:21"]
[PlyCount "76"]
[TimeControl "1500+5"]

1. e4 c5 2. Nf3 d6 3. c3 Nf6 4. Bb5+ Bd7 5. Bxd7+ Qxd7 6. d3 Nc6 7. Nbd2 a6
8. Nb3 e6 9. d4 cxd4 10. Nbxd4 Nxe4 11. O-O Nf6 12. Re1 Be7 13. Bf4 O-O 14.
Nxc6 bxc6 15. Qd2 Rfd8 16. Rad1 Qb7 17. Qc2 Rab8 18. Rd2 Qb6 19. Red1 Nd5
20. Bg5 Qc7 21. Bxe7 Qxe7 22. c4 Nb4 23. Qb1 a5 24. a3 Na6 25. Qe4 d5 26.
cxd5 cxd5 27. Qc2 h6 28. Qa4 Qc7 29. Rb1 Nc5 30. Qc2 Qb6 31. Ne5 Rbc8 32.
Qd1 Ne4 33. Re2 Rb8 34. Ng4 Nc3 35. Qe1 Nxb1 36. Qxb1 Qd6 37. Qa2 Rdc8 38.
h3 Rc1+ { White resigns } 0-1

[Event "ICC tourney 2533 (25 5)"]
[Site "Internet Chess Club"]
[Date "2021.04.25"]
[Round "5"]
[White "NI, DAVID:K09-16357865"]
[Black "LWIN MOE, KENNY:K09-16875861"]
[Result "1-0"]
[ICCResult "Black checkmated"]
[WhiteElo "1453"]
[BlackElo "823"]
[Opening "Giuoco Pianissimo: Italian four knights variation"]
[ECO "C50"]
[NIC "IG.02"]
[Time "11:02:08"]
[PlyCount "129"]
[TimeControl "1500+5"]

1. e4 e5 2. Nf3 Nc6 3. Bc4 Bc5 4. Nc3 Nf6 5. d3 d6 6. h3 Be6 7. Bb3 h6 8.
O-O O-O 9. Be3 Bb6 10. Qd2 Re8 11. Kh2 Qe7 12. Ne2 Rad8 13. c4 Ba5 14. Qc1
Nb4 15. Bc2 c6 16. a3 Nxc2 17. Qxc2 d5 18. b4 Bc7 19. Bc5 Qd7 20. Rad1 d4
21. Bxa7 b6 22. c5 b5 23. Qb2 Ra8 24. Bb6 Bxb6 25. cxb6 Rab8 26. Nxe5 Qd6
27. Qxd4 Qxd4 28. Nxd4 Rxb6 29. Nexc6 Bd7 30. Na5 Rd6 31. Ndb3 Be6 32. f4
Rd7 33. f5 Bxb3 34. Nxb3 Red8 35. Nc5 Ra7 36. Ra1 Nd7 37. d4 Nxc5 38. dxc5
Rd4 39. Rfe1 Rd3 40. e5 Rdxa3 41. Rxa3 Rxa3 42. Re4 Kf8 43. h4 Ke8 44. h5
Kd7 45. g3 Rc3 46. Rd4+ Ke7 47. Kg2 f6 48. e6 Rc2+ 49. Kf3 Rc3+ 50. Kf4 Rc2
51. g4 Rf2+ 52. Ke3 Rh2 53. Rf4 Rh3+ 54. Rf3 Rh2 55. Kd4 Rd2+ 56. Rd3 Rg2
57. c6 Rxg4+ 58. Kc5 Rc4+ 59. Kxb5 Rc2 60. Rd7+ Ke8 61. c7 Rxc7 62. Rxc7
Kd8 63. Kc6 Ke8 64. Kd6 Kf8 65. Rc8# { Black checkmated } 1-0

[Event "ICC tourney 2533 (25 5)"]
[Site "Internet Chess Club"]
[Date "2021.04.25"]
[Round "5"]
[White "RAJESH, RISHAN:K09-16815148"]
[Black "PETUKHOV, ARTHUR:K09-16615802"]
[Result "0-1"]
[ICCResult "White checkmated"]
[WhiteElo "765"]
[BlackElo "1287"]
[Opening "Scotch: Schmidt variation"]
[ECO "C45"]
[NIC "SO.04"]
[Time "11:03:55"]
[PlyCount "150"]
[TimeControl "1500+5"]

1. e4 e5 2. Nf3 Nc6 3. d4 exd4 4. Nxd4 Nf6 5. Nxc6 bxc6 6. Bd3 d5 7. exd5
cxd5 8. Bg5 Be7 9. O-O O-O 10. Nc3 c6 11. Re1 Re8 12. Qe2 Bg4 13. Qe3 d4
14. Qg3 dxc3 15. Bxf6 Bxf6 16. Qxg4 cxb2 17. Rab1 Rb8 18. Red1 Qe7 19. Bf1
g6 20. Qc4 Rb6 21. c3 Rd8 22. Re1 Qd6 23. Re2 Qa3 24. g3 Ra6 25. Rexb2 Ra4
26. Qxc6 Bxc3 27. Rb3 Qxa2 28. Qxc3 Ra3 29. Qb2 Qxb2 30. R3xb2 Ra5 31. Rb7
Rf5 32. Rxa7 Rd2 33. Rbb7 Rfxf2 34. Ra8+ Kg7 35. Rab8 Rxh2 36. Bc4 Rhg2+
37. Kf1 Rdf2+ 38. Ke1 Rh2 39. g4 Rc2 40. Rxf7+ Kh6 41. g5+ Kxg5 42. Rb5+
Kh6 43. Bb3 Rh1+ 44. Rf1 Rc1+ 45. Bd1 Rxd1+ 46. Kxd1 Rxf1+ 47. Ke2 Rf5 48.
Rb3 Kg5 49. Re3 Kf4 50. Rf3+ Kg4 51. Re3 h5 52. Re6 g5 53. Re4+ Rf4 54. Re3
h4 55. Rd3 Kh5 56. Re3 g4 57. Re5+ Kg6 58. Re6+ Rf6 59. Re4 Kg5 60. Re5+
Rf5 61. Re3 Kf4 62. Kf2 g3+ 63. Ke2 Re5 64. Rxe5 Kxe5 65. Kf3 Kf5 66. Kg2
Kg4 67. Kg1 h3 68. Kh1 h2 69. Kg2 h1=Q+ 70. Kxh1 Kf3 71. Kg1 g2 72. Kh2 Kf2
73. Kh3 g1=Q 74. Kh4 Qg6 75. Kh3 Qh5# { White checkmated } 0-1

[Event "ICC tourney 2533 (25 5)"]
[Site "Internet Chess Club"]
[Date "2021.04.25"]
[Round "5"]
[White "PAN, KEVIN:K09-14740822"]
[Black "KE, RIANNE:K09-15179208"]
[Result "1/2-1/2"]
[ICCResult "Game drawn by mutual agreement"]
[WhiteElo "2260"]
[BlackElo "2020"]
[Opening "Sicilian: closed"]
[ECO "B24"]
[NIC "SI.44"]
[Time "11:01:55"]
[PlyCount "29"]
[TimeControl "1500+5"]

1. e4 c5 2. Nc3 Nc6 3. g3 g6 4. Bg2 Bg7 5. d3 e6 6. Be3 b6 7. Nge2 Nge7 8.
d4 cxd4 9. Nxd4 O-O 10. O-O Ba6 11. Re1 Rc8 12. f4 Na5 13. Nce2 d5 14. e5
Nec6 15. Bf2 { Game drawn by mutual agreement } 1/2-1/2

[Event "ICC tourney 2533 (25 5)"]
[Site "Internet Chess Club"]
[Date "2021.04.25"]
[Round "5"]
[White "KROTOV, DAMIAN:K09-17105641"]
[Black "MISHRA, ARYAN:K09-15817708"]
[Result "1/2-1/2"]
[ICCResult "Game drawn by repetition"]
[WhiteElo "1819"]
[BlackElo "1356"]
[Opening "Queen's pawn game"]
[ECO "E10"]
[NIC "QI.01"]
[Time "11:03:29"]
[PlyCount "75"]
[TimeControl "1500+5"]

1. d4 Nf6 2. c4 e6 3. Nf3 d5 4. g3 c5 5. cxd5 exd5 6. Bg2 Nc6 7. O-O Be6 8.
Nc3 Be7 9. dxc5 Bxc5 10. Bg5 O-O 11. Rc1 Bb6 12. Bxf6 Qxf6 13. Nxd5 Qxb2
14. Rc2 Qb5 15. Nxb6 Qxb6 16. Ng5 Bf5 17. e4 Bg6 18. Qb1 Qc7 19. f4 h6 20.
Nh3 Bh5 21. f5 f6 22. Nf4 Bf7 23. Nd5 Qa5 24. Qxb7 Nd4 25. Rc7 Rfb8 26.
Rc8+ Rxc8 27. Ne7+ Kh7 28. Nxc8 Bc4 29. Qxa8 Bxf1 30. Bxf1 Qc5 31. Qxa7 Qc3
32. Nd6 Qe3+ 33. Kg2 Qf3+ 34. Kg1 Qe3+ 35. Kg2 Qf3+ 36. Kg1 Qe3+ 37. Kg2
Qf3+ 38. Kg1 { Game drawn by repetition } 1/2-1/2

[Event "ICC tourney 2533 (25 5)"]
[Site "Internet Chess Club"]
[Date "2021.04.25"]
[Round "5"]
[White "PANJWANI, IMAD:K09-16510285"]
[Black "RODIC, ELLIOT:K09-16510635"]
[Result "1-0"]
[ICCResult "Black resigns"]
[WhiteElo "1237"]
[BlackElo "724"]
[Opening "English opening"]
[ECO "A20"]
[NIC "EO.25"]
[Time "11:03:37"]
[PlyCount "137"]
[TimeControl "1500+5"]

1. c4 e5 2. d3 Nc6 3. Nf3 Bc5 4. Nc3 Nf6 5. g3 d6 6. Bg2 Bg4 7. a3 O-O 8.
b4 Bd4 9. Nxd4 Nxd4 10. Bxb7 Rb8 11. Bg2 c5 12. b5 Qc7 13. O-O Qd7 14. Re1
Bh3 15. Bh1 Ng4 16. e3 Ne6 17. Bc6 Qe7 18. Bg2 Bxg2 19. Kxg2 f5 20. Nd5 Qd7
21. Rb1 Nc7 22. Nxc7 Qxc7 23. Bb2 Qb7+ 24. Kg1 Qf7 25. h3 Nf6 26. a4 Qe6
27. a5 Nd7 28. d4 Qxc4 29. dxe5 Nxe5 30. Qxd6 Nf3+ 31. Kg2 Nxe1+ 32. Rxe1
Qf7 33. Qxc5 Qb7+ 34. Kg1 Qxb5 35. Bd4 a6 36. Qc3 Qb7 37. Qc4+ Kh8 38. Rd1
Rbd8 39. Qc3 Rc8 40. Qd3 Rcd8 41. Rb1 Qe4 42. Qxe4 fxe4 43. Rb7 Rg8 44. Ra7
Rd6 45. Bb6 h6 46. Rxa6 Rd7 47. Bd4 Kh7 48. Re6 Ra8 49. Bb6 Rd1+ 50. Kg2
Rd2 51. Rxe4 Rf8 52. Rf4 Rxf4 53. exf4 Ra2 54. Kf3 Kg6 55. h4 Kf5 56. g4+
Ke6 57. Ke4 Ra4+ 58. Kf3 Kd6 59. Kg3 Kc6 60. f3 Ra3 61. g5 h5 62. f5 Rd3
63. g6 Rd6 64. Kf4 Rf6 65. Bd4 Rd6 66. Bxg7 Kd7 67. Kg5 Ke7 68. f6+ Ke6 69.
f7 { Black resigns } 1-0

[Event "ICC tourney 2533 (25 5)"]
[Site "Internet Chess Club"]
[Date "2021.04.25"]
[Round "5"]
[White "DESAI, SATVIK:K09-17061744"]
[Black "KASI, ARUNACHALAM:K09-16244965"]
[Result "0-1"]
[ICCResult "White checkmated"]
[WhiteElo "794"]
[BlackElo "1291"]
[Opening "Caro-Kann defense"]
[ECO "B10"]
[NIC "CK.01"]
[Time "11:02:46"]
[PlyCount "106"]
[TimeControl "1500+5"]

1. e4 c6 2. Nf3 d5 3. d3 dxe4 4. Nfd2 Nf6 5. Nc3 Bg4 6. f3 exf3 7. Nxf3 e6
8. Be2 Bb4 9. Bg5 Bxf3 10. Bxf3 Nbd7 11. Qd2 h6 12. Bh4 Qa5 13. a3 Nd5 14.
O-O Bxc3 15. bxc3 Qxc3 16. Rfd1 Qxd2 17. Rxd2 O-O 18. c4 Nf4 19. Kh1 Rfe8
20. g3 Ng6 21. Re1 Nge5 22. Be4 g5 23. d4 Nxc4 24. Rc2 Nd6 25. Bf3 gxh4 26.
gxh4 Kf8 27. Kg2 Ke7 28. Kh3 Rg8 29. Rce2 Kd8 30. Bg2 Kc7 31. Bf3 Rg7 32.
Bh5 Nf6 33. Bf3 Rag8 34. d5 Nxd5 35. Bxd5 cxd5 36. Rc1+ Kd7 37. Rec2 Rc8
38. a4 Rxc2 39. Rxc2 Ne4 40. Re2 Nc3 41. Rc2 Nxa4 42. h5 d4 43. Rd2 e5 44.
Kh4 Kd6 45. h3 Rh7 46. Ra2 b5 47. Kg3 f5 48. Rf2 Ke6 49. Kh2 e4 50. Rg2 d3
51. h4 e3 52. Kg1 d2 53. Kf1 d1=Q# { White checkmated } 0-1

[Event "ICC tourney 2533 (25 5)"]
[Site "Internet Chess Club"]
[Date "2021.04.25"]
[Round "5"]
[White "PEDERSON, MASON:K09-16875620"]
[Black "MARIAN, AARON:K09-15799497"]
[Result "0-1"]
[ICCResult "White forfeits on time"]
[WhiteElo "913"]
[BlackElo "1400"]
[Opening "QGD: Semi-Tarrasch defense, Pillsbury variation"]
[ECO "D40"]
[NIC "TD.05"]
[Time "11:01:42"]
[PlyCount "54"]
[TimeControl "1500+5"]

1. d4 c5 2. c4 e6 3. Nc3 Nf6 4. Nf3 d5 5. Bg5 cxd4 6. Nxd4 Nc6 7. e3 Bb4 8.
Bd3 e5 9. Nxc6 bxc6 10. O-O O-O 11. Bxf6 Qxf6 12. cxd5 Bxc3 13. bxc3 cxd5
14. Bc2 Bb7 15. Rb1 Qc6 16. Qd3 f5 17. Bb3 Rad8 18. e4 fxe4 19. Qxe4 Qe6
20. Rfe1 Rf5 21. g4 Rg5 22. h3 Kh8 23. Qf3 e4 24. Qf4 Qf6 25. Qe3 Bc8 26.
Red1 Qg6 27. Rxd5 Rdxd5 { White forfeits on time } 0-1

[Event "ICC tourney 2533 (25 5)"]
[Site "Internet Chess Club"]
[Date "2021.04.25"]
[Round "5"]
[White "ANDERSON, WILL:K09-16154765"]
[Black "HAMILTON, JACK:K09-16280602"]
[Result "0-1"]
[ICCResult "White checkmated"]
[WhiteElo "807"]
[BlackElo "1431"]
[Opening "Sicilian defense"]
[ECO "B33"]
[NIC "SI.32"]
[Time "11:02:46"]
[PlyCount "116"]
[TimeControl "1500+5"]

1. e4 c5 2. Nf3 Nc6 3. d4 cxd4 4. Nxd4 Nf6 5. Nxc6 bxc6 6. Nc3 Qa5 7. Bd2
g6 8. Nd5 Qd8 9. Nxf6+ exf6 10. Bc4 Bg7 11. O-O O-O 12. Qe2 Re8 13. Qf3 Bb7
14. Bc3 d5 15. exd5 cxd5 16. Bb5 Re6 17. Rae1 Rb6 18. Re8+ Qxe8 19. Bxe8
Rxe8 20. Re1 Rxe1+ 21. Bxe1 Rxb2 22. Qe2 Bc6 23. g3 f5 24. Bd2 h5 25. Qa6
Bb7 26. Qxa7 d4 27. Qb8+ Kh7 28. h3 Rxc2 29. Bf4 Bf3 30. Qb3 Rc3 31. Qxf7
Rd3 32. g4 h4 33. Qb3 Rxb3 34. axb3 fxg4 35. hxg4 Bxg4 36. Kg2 Bh6 37. Be5
d3 38. Bc3 h3+ 39. Kg1 Bf4 40. Be5 Bxe5 41. b4 h2+ 42. Kg2 Bf3+ 43. Kxf3
h1=Q+ 44. Ke3 Qe1+ 45. Kxd3 Qxb4 46. f4 Qd4+ 47. Ke2 Bxf4 48. Kf3 Bh6 49.
Kg3 g5 50. Kh3 Qf4 51. Kg2 Qe3 52. Kf1 Qf3+ 53. Kg1 Qe2 54. Kh1 Kg6 55. Kg1
Kf5 56. Kh1 Kg4 57. Kg1 Kg3 58. Kh1 Qg2# { White checkmated } 0-1

[Event "ICC tourney 2533 (25 5)"]
[Site "Internet Chess Club"]
[Date "2021.04.25"]
[Round "5"]
[White "FARRIS, NORA GRACE:K09-16974693"]
[Black "K STAGE, HARRISON:K09-16011274"]
[Result "0-1"]
[ICCResult "White checkmated"]
[WhiteElo "947"]
[BlackElo "1427"]
[Opening "Petrov: Cozio (Lasker) attack"]
[ECO "C42"]
[NIC "RG.03"]
[Time "11:01:46"]
[PlyCount "142"]
[TimeControl "1500+5"]

1. e4 e5 2. Nf3 Nf6 3. Nxe5 d6 4. Nf3 Nxe4 5. Qe2 Qe7 6. d3 Nf6 7. Qxe7+
Bxe7 8. Be2 c5 9. d4 Nc6 10. Bb5 Bd7 11. O-O Nxd4 12. Bxd7+ Nxd7 13. Nxd4
cxd4 14. Na3 O-O 15. Nb5 d3 16. cxd3 a6 17. Re1 Ne5 18. d4 axb5 19. dxe5 d5
20. a3 Rfe8 21. e6 fxe6 22. Rxe6 Bxa3 23. Rxe8+ Rxe8 24. g3 Re1+ 25. Kg2
Bf8 26. f3 Kf7 27. Kf2 Rh1 28. Kg2 Rd1 29. Kf2 Bb4 30. b3 Bc3 31. Rb1 d4
32. Ke2 Rh1 33. h4 Rg1 34. g4 Ke6 35. Kd3 Kd5 36. g5 g6 37. Kc2 Rf1 38. f4
Rh1 39. Bb2 Rh2+ 40. Kc1 Bxb2+ 41. Rxb2 Rxh4 42. Rf2 Ke4 43. Kd2 Rxf4 44.
Rh2 Rf3 45. Rxh7 Rxb3 46. Rxb7 Rb2+ 47. Kc1 Rg2 48. Rxb5 d3 49. Kd1 Ke3 50.
Re5+ Kf4 51. Rd5 d2 52. Rxd2 Rxd2+ 53. Kxd2 Kxg5 54. Ke3 Kg4 55. Kf2 Kf4
56. Kg2 Kg4 57. Kf2 Kh3 58. Kg1 g5 59. Kh1 Kg3 60. Kg1 Kf3 61. Kf1 g4 62.
Kg1 Kg3 63. Kf1 Kh2 64. Kf2 g3+ 65. Kf1 g2+ 66. Kf2 g1=Q+ 67. Kf3 Qd4 68.
Ke2 Kg3 69. Ke1 Qb2 70. Kd1 Kf3 71. Ke1 Qe2# { White checkmated } 0-1

[Event "ICC tourney 2533 (25 5)"]
[Site "Internet Chess Club"]
[Date "2021.04.25"]
[Round "5"]
[White "ATREYA, CHARVI:K09-16816706"]
[Black "WANG, JOSEPH Y:K09-15722256"]
[Result "1-0"]
[ICCResult "Black checkmated"]
[WhiteElo "944"]
[BlackElo "1419"]
[Opening "Sicilian: Najdorf, 6.Bg5"]
[ECO "B94"]
[NIC "SI.04"]
[Time "11:03:01"]
[PlyCount "123"]
[TimeControl "1500+5"]

1. e4 c5 2. Nf3 d6 3. d4 cxd4 4. Nxd4 Nf6 5. Nc3 a6 6. Bg5 e5 7. Nf3 Be7 8.
Bc4 Qc7 9. Bb3 Be6 10. Bxe6 fxe6 11. O-O Nc6 12. Be3 Qd7 13. Na4 Rd8 14.
Nb6 Qc7 15. Na4 Nd7 16. Nc3 O-O 17. Qd2 b5 18. a3 Bf6 19. b4 Be7 20. Rad1
Nf6 21. Rfe1 Qd7 22. Ng5 d5 23. exd5 exd5 24. Bb6 Rb8 25. Bc7 Qxc7 26. Ne6
Qd6 27. Nxf8 Rxf8 28. Nxd5 Nxd5 29. Qxd5+ Qxd5 30. Rxd5 Rd8 31. Rxd8+ Bxd8
32. Rd1 Kf7 33. Rd6 Nd4 34. Rxd8 Nxc2 35. Rd6 Nxa3 36. Rxa6 Nc2 37. Rb6
Nxb4 38. Rxb5 Nd3 39. Kf1 Kf6 40. h4 g6 41. g4 h5 42. Rb6+ Kf7 43. gxh5
gxh5 44. Ke2 Nf4+ 45. Kf3 Nd5 46. Rd6 Nf4 47. Ke4 Ng6 48. Rxg6 Kxg6 49.
Kxe5 Kf7 50. Kf5 Kg7 51. Ke6 Kg6 52. f4 Kg7 53. f5 Kg8 54. Ke7 Kg7 55. f6+
Kg8 56. f7+ Kg7 57. f8=Q+ Kg6 58. Ke6 Kh7 59. Qf1 Kg6 60. Qg1+ Kh7 61. Kf7
Kh8 62. Qg7# { Black checkmated } 1-0

[Event "ICC tourney 2533 (25 5)"]
[Site "Internet Chess Club"]
[Date "2021.04.25"]
[Round "5"]
[White "NICHOLSON, IAN:K09-15545322"]
[Black "CHUNG, JACOB:K09-16350401"]
[Result "1-0"]
[ICCResult "Black checkmated"]
[WhiteElo "1866"]
[BlackElo "1434"]
[Opening "King's Indian: Kramer system"]
[ECO "E70"]
[NIC "KI.52"]
[Time "11:02:37"]
[PlyCount "53"]
[TimeControl "1500+5"]

1. d4 Nf6 2. c4 g6 3. Nc3 Bg7 4. e4 d6 5. Nge2 O-O 6. f3 e5 7. dxe5 dxe5 8.
Qxd8 Rxd8 9. Nd5 Nxd5 10. cxd5 f5 11. Nc3 c6 12. Bg5 Rd6 13. Be7 Rd7 14. d6
Bf8 15. Bc4+ Kg7 16. Be6 Bxe7 17. Bxd7 Bxd7 18. dxe7 Kf7 19. O-O-O Kxe7 20.
exf5 gxf5 21. Rhe1 Kf6 22. Rd6+ Ke7 23. Rh6 Na6 24. Rxh7+ Kd6 25. Rd1+ Ke6
26. Rhxd7 Nc5 27. R1d6# { Black checkmated } 1-0

[Event "ICC tourney 2533 (25 5)"]
[Site "Internet Chess Club"]
[Date "2021.04.25"]
[Round "5"]
[White "LIU, JOSHUA:K09-16222106"]
[Black "BUCHIREDDY, NEELI:K09-17330278"]
[Result "1-0"]
[ICCResult "Black resigns"]
[WhiteElo "1613"]
[BlackElo "750"]
[Opening "QGD: 3.Nc3"]
[ECO "D31"]
[NIC "QP.08"]
[Time "11:01:02"]
[PlyCount "97"]
[TimeControl "1500+5"]

1. d4 d5 2. c4 e6 3. Nc3 Bb4 4. Qc2 dxc4 5. a3 Ba5 6. e3 Bxc3+ 7. Qxc3 b5
8. Qb4 a6 9. a4 Nc6 10. Qc3 Bb7 11. b3 cxb3 12. axb5 axb5 13. Rxa8 Qxa8 14.
Bxb5 Ne7 15. Qxb3 Qa5+ 16. Bd2 Qa1+ 17. Ke2 O-O 18. Qd1 Nxd4+ 19. exd4
Qxd1+ 20. Kxd1 Bxg2 21. f3 Bxh1 22. Bd3 Ng6 23. Ke2 Nh4 24. Be4 f5 25. Bc6
Rf6 26. Kf2 Rg6 27. Bf4 Rg2+ 28. Kf1 g5 29. Bg3 f4 30. Bf2 Rxh2 31. Be4
Bg2+ 32. Ke2 Nf5 33. d5 exd5 34. Bxf5 Kg7 35. Be6 c6 36. Ke1 Rh6 37. Bg4
Rd6 38. Bd4+ Kg6 39. Kf2 h5 40. Bc8 Bh1 41. Ne2 Rd8 42. Bb7 Rb8 43. Bxc6
Rb3 44. Bxd5 g4 45. Nxf4+ Kg5 46. Ne6+ Kh4 47. Bf6+ Kh3 48. Ng5+ Kh4 49.
Bxb3 { Black resigns } 1-0

[Event "ICC tourney 2533 (25 5)"]
[Site "Internet Chess Club"]
[Date "2021.04.25"]
[Round "5"]
[White "JAIN, ARYAN:K09-16802032"]
[Black "THOMAS HOMAN DORFMAN, JOSH:K09-16684523"]
[Result "1/2-1/2"]
[ICCResult "Game drawn by repetition"]
[WhiteElo "1191"]
[BlackElo "533"]
[Opening "Sicilian"]
[ECO "B50"]
[NIC "SI.01"]
[Time "11:03:33"]
[PlyCount "69"]
[TimeControl "1500+5"]

1. e4 c5 2. Nf3 d6 3. Nc3 Nf6 4. Bc4 Nc6 5. h3 a6 6. a4 g6 7. d3 Bg7 8. O-O
O-O 9. Nd5 Nxd5 10. Bxd5 Qb6 11. Bxc6 bxc6 12. c3 d5 13. Rb1 e6 14. Bf4 Bd7
15. Re1 Rab8 16. Qc2 Rb7 17. b4 cxb4 18. Rxb4 Qa7 19. Be3 Qa8 20. Rxb7 Qxb7
21. Rb1 Qc7 22. Qb3 Rc8 23. Bd4 c5 24. Bxg7 Kxg7 25. exd5 exd5 26. Qxd5
Bxa4 27. Rb7 Qf4 28. Qe5+ Qf6 29. Rxf7+ Kxf7 30. Ng5+ Kg7 31. Ne6+ Kf7 32.
Ng5+ Kg7 33. Ne6+ Kf7 34. Ng5+ Kg7 35. Ne6+ { Game drawn by repetition }
1/2-1/2